 Dungeon Crawl Stone Soup version 0.22.1-5-g62c59d9 (webtiles) character file.

109 Fang the Skirmisher (level 4, -2/29 HPs)
             Began as a Gargoyle Berserker on Jan 15, 2019.
             Was a Believer of Trog.
             Slain by Grinder (5 damage)
             ... on level 3 of the Dungeon.
             The game lasted 00:02:05 (1944 turns).

Fang the Skirmisher (Gargoyle Berserker)            Turns: 1944, Time: 00:02:06

Health: -2/29      AC:  6    Str: 21    XL:     4   Next: 90%
Magic:  4/4        EV: 12    Int:  8    God:    Trog [**....]
Gold:   128        SH:  0    Dex:  9    Spells: 3/3 levels left

rFire    . . .     SeeInvis .   a - +0 hand axe
rCold    . . .     Gourm    .   (no shield)
rNeg     + . .     Faith    .   b - +0 animal skin
rPois    ∞         Spirit   .   m - +0 helmet
rElec    +         Reflect  .   (no cloak)
rCorr    .         Harm     .   (no gloves)
MR       .....                  (no boots)
Stlth    +.........             (no amulet)
HPRegen  0.09/turn              (no ring)
MPRegen  0.09/turn              (no ring)

@: berserk cooldown, slowed, very slow
A: negative energy resistance 1, electricity resistance, unbreathing,
petrification resistance, rot immunity, AC +3
a: Berserk, Trog's Hand, Renounce Religion


You were on level 3 of the Dungeon.
You worshipped Trog.
Trog was pleased with you.
You were very hungry.

You visited 1 branch of the dungeon, and saw 3 of its levels.

You collected 128 gold pieces.

Inventory:

Hand Weapons
 a - a +0 hand axe (weapon)
Armour
 b - a +0 animal skin (worn)
 m - a +0 helmet (worn)
Jewellery
 q - a +4 ring of dexterity {unknown}
Wands
 k - a wand of acid (9)
Scrolls
 d - 6 scrolls of identify {unknown}
 e - 2 scrolls of teleportation {unknown}
 i - 5 scrolls of remove curse {unknown}
 l - a scroll of blinking {unknown}
 o - a scroll of fear {unknown}
Potions
 f - 2 potions of heal wounds {unknown}
 g - a potion of brilliance {unknown}
 h - a potion of agility {unknown}
 j - 2 potions of curing {unknown}
 n - a potion of ambrosia {unknown}
 p - a potion of degeneration {unknown}
Comestibles
 c - 9 rations


   Skills:
 + Level 4.0 Fighting
 + Level 3.8 Axes
 + Level 2.4 Armour
 + Level 2.4 Dodging
 + Level 0.2 Stealth


You had 3 spell levels left.
You didn't know any spells.
Your spell library was empty.

Dungeon Overview and Level Annotations

Branches:
Dungeon (3/15)

Altars:

Annotations:
D:3 Grinder


Innate Abilities, Weirdness & Mutations

You are resistant to torment.
Your stone body is resilient. (AC +3)
You are immune to poison.
You resist negative energy. (rN+)
You are resistant to electric shocks. (rElec)
You can survive without breathing.
You are immune to petrification.
You are immune to rotting.


Message History

You slash Grinder!
Grinder is heavily wounded.
Grinder gestures at you.
You shrug off the repeated paralysis!
Grinder closely misses you.
Unknown command.
You hit Grinder.
Grinder is severely wounded.
Grinder hits you.
* * * LOW HITPOINT WARNING * * *
You writhe in agony.
* * * LOW HITPOINT WARNING * * *
You hit Grinder but do no damage.
Grinder is severely wounded.
Grinder hits you but does no damage. Grinder barely misses you.
Unknown command.
Unknown command.
You hit Grinder.
Grinder is severely wounded.
Grinder hits you.
You die...

##........# ..........#
#.......# ###.#######
#.......#
#.###########.......#
#...#...............##
#####.#.................
......#.#######.......#
.######.# #.5.....# .#.#
#.# ####)@.....#
.#.####.####...........#
.#............".........
..<.....####...........#
....##### ##########..#
.....# .# .....# #
.....# .....#


You could see Grinder.

Vanquished Creatures
  Jessica (D:2)
  2 adders
  An ooze (D:2)
  2 dart slugs
  2 leopard geckos
  9 bats
  4 giant cockroaches
  5 goblins
  8 hobgoblins
  2 jackals (D:2)
  3 quokkas (D:2)
  11 frilled lizards
  2 kobolds
  2 rats
54 creatures vanquished.

Notes
Turn   | Place    | Note
-------+----------+-------------------------------------------
     0 | D:1      | Fang the Gargoyle Berserker began the quest for the Orb.
     0 | D:1      | Reached XP level 1. HP: 14/14 MP: 1/1
    90 | D:1      | Reached XP level 2. HP: 19/19 MP: 2/2
   615 | D:1      | Reached ** piety under Trog
   885 | D:2      | Reached XP level 3. HP: 12/24 MP: 3/3
  1116 | D:2      | Noticed Jessica
  1124 | D:2      | Killed Jessica
  1125 | D:2      | Reached XP level 4. HP: 20/29 MP: 4/4
  1922 | D:3      | Noticed Grinder
  1933 | D:3      | Reached skill level 4 in Fighting
  1938 | D:3      | Paralysed by Grinder for 3 turns
  1944 | D:3      | Slain by Grinder

Skill      XL: |  1  2  3  4 |
---------------+-------------+-----
Axes           | 3 |  3.8
Dodging        | 2 |  2.4
Fighting       | 4 |  4.0
Armour         | |  2.4
Stealth        | |  0.2

Action                   |  1- 3 |  4- 6 || total
-------------------------+-------+-------++-------
Melee: Hand axe          |   111 |    95 ||   206
Invok: Berserk           |       |     1 ||     1
  Eat: Chunk             |       |     3 ||     3
Armor: Animal skin       |    51 |    36 ||    87
Dodge: Dodged            |    83 |    74 ||   157
